 Dungeon Crawl Stone Soup version 0.23-a0-586-gacb4b3f (webtiles) character file.

83 theanonym the Cudgeler (level 4, -2/33 HPs)
             Began as a Mummy Warper on Dec 19, 2018.
             Was a Follower of Kikubaaqudgha.
             Killed from afar by Sigmund (6 damage)
             ... with a puff of flame
             ... on level 2 of the Dungeon.
             The game lasted 00:02:47 (2437 turns).

theanonym the Cudgeler (Mummy Warper)               Turns: 2437, Time: 00:02:47

Health: -2/33      AC:  4    Str: 15    XL:     4   Next: 22%
Magic:  8/8        EV: 11    Int: 12    God:    Kikubaaqudgha [*.....]
Gold:   73         SH:  0    Dex: 11    Spells: 8/8 levels left

rFire    . . .     SeeInvis .   a - +0 mace
rCold    . . .     Gourm    .   (no shield)
rNeg     + + +     Faith    .   l - +0 leather armour (curse)
rPois    ∞         Spirit   .   f - +0 helmet (curse)
rElec    .         Reflect  .   (no cloak)
rCorr    .         Harm     .   (no gloves)
MR       .....                  (no boots)
Stlth    +.........             (no amulet)
HPRegen  0.11/turn              d - ring of fire
MPRegen  0.11/turn              (no ring)

@: confused
A: no food or potions, fire vulnerability, cold resistance 1, negative energy
resistance 3, torment resistance, unbreathing
a: Receive Corpses, Renounce Religion


Innate Abilities, Weirdness & Mutations

You do not eat or drink.
Your flesh is vulnerable to fire.
You are immune to poison.
Your flesh is cold resistant. (rC+)
You are immune to negative energy. (rN+++)
You are immune to unholy pain and torment.
You can survive without breathing.


   Skills:
 - Level 2.0 Fighting
 + Level 3.7 Maces & Flails
 - Level 0.7 Throwing
 - Level 0.7 Armour
 - Level 1.5 Dodging
 - Level 2.6 Spellcasting
   Level 2.4 Translocations


You had 8 spell levels left.
You didn't know any spells.
Your spell library contained the following spells:

 Spells                   Type           Power        Failure   Level  Hunger
 Blink                    Tloc           N/A          17%         2    N/A
 Shroud of Golubria       Chrm/Tloc      #.........   28%         2    N/A
 Animate Skeleton         Necr           N/A          30%         1    N/A
 Pain                     Necr           #...         30%         1    N/A
 Gell's Gravitas          Tloc           #.........   34%         3    N/A
 Lesser Beckoning         Tloc           #.........   34%         3    N/A
 Teleport Other           Tloc           #.......     34%         3    N/A
 Corpse Rot               Necr           N/A          43%         2    N/A
 Vampiric Draining        Necr           #.........   67%         3    N/A
 Passage of Golubria      Tloc           N/A          75%         4    N/A

Skill      XL: |  1  2  3 |
---------------+----------+-----
Maces & Flails | 2 3 |  3.7
Fighting       | |  2.0
Throwing       | |  0.7
Armour         | |  0.7
Dodging        | |  1.5
Spellcasting   | |  2.6
Translocations | |  2.4

Action                   |  1- 3 |  4- 6 || total
-------------------------+-------+-------++-------
Melee: Mace              |   117 |    43 ||   160
  Use: Scroll            |       |     3 ||     3
Armor: Leather armour    |    51 |     8 ||    59
Dodge: Dodged            |    87 |    18 ||   105

Inventory:

Hand Weapons
 a - a +0 mace (weapon)
Missiles
 e - 5 tomahawks of dispersal (quivered)
Armour
 f - a cursed +0 helmet (worn)
   (You found it on level 1 of the Dungeon)
 l - a cursed +0 leather armour (worn)
   (You found it on level 1 of the Dungeon)
Jewellery
 d - a ring of fire (left hand)
   (You found it on level 1 of the Dungeon)
 j - an uncursed ring of ice
   (You found it on level 1 of the Dungeon)
Scrolls
 g - 3 scrolls of teleportation {unknown}
 h - 4 scrolls of amnesia
 i - a scroll of enchant weapon {unknown}
 m - a scroll of enchant armour {unknown}
 n - a scroll of remove curse
 B - a scroll of blinking


You were on level 2 of the Dungeon.
You worshipped Kikubaaqudgha.
Kikubaaqudgha was aware of your devotion.
You were not hungry.

You visited 1 branch of the dungeon, and saw 2 of its levels.

You collected 73 gold pieces.

Dungeon Overview and Level Annotations

Branches:
Dungeon (2/15)

Altars:
Elyvilon
Kikubaaqudgha

Annotations:
D:2 Sigmund

###########.## #.# #.##
###### ...# # #.... ...
#.#.#.# .... #.#.#.###
...## #.......#......
###.#.#.@....#
#.#.@........
#.#####......
#....####..##
#..........#
#########...#### .# ##
#..!...........# # .#
#.####............# .#
#.# #...<.....#..#######
.#
#.######...≈.≈≈..≈.≈≈.≈..


You could see Sigmund.

Notes
Turn   | Place    | Note
-------+----------+-------------------------------------------
     0 | D:1      | theanonym the Mummy Warper began the quest for the Orb.
     0 | D:1      | Reached XP level 1. HP: 16/16 MP: 4/4
   207 | D:1      | Reached skill level 2 in Maces & Flails
   240 | D:1      | HP: 7/16 [hobgoblin/+0 club (5)]
   241 | D:1      | Reached XP level 2. HP: 10/22 MP: 5/5
   877 | D:1      | Found a white marble altar of Elyvilon.
  1031 | D:1      | Reached XP level 3. HP: 27/27 MP: 7/7
  1201 | D:2      | Noticed Sigmund
  1211 | D:1      | Reached skill level 3 in Maces & Flails
  1382 | D:2      | Found a faded altar of an unknown god.
  1482 | D:2      | Became a worshipper of Kikubaaqudgha
  1482 | D:2      | Reached * piety under Kikubaaqudgha
  1482 | D:2      | Identified Kikubaaqudgha's Almanac of Unholy Rites {god
                  | gift} (Kikubaaqudgha gifted it to you on level 2 of the
                  | Dungeon)
  1482 | D:2      | Received a gift from Kikubaaqudgha
  1801 | D:2      | Reached XP level 4. HP: 28/33 MP: 8/8
  1807 | D:2      | HP: 13/33 [worm (6)]
  2425 | D:2      | HP: 15/33 [Sigmund/+0 scythe (8)]
  2427 | D:2      | HP: 6/33 [Sigmund/magic dart (9)]
  2433 | D:2      | HP: 4/33 [Sigmund/+0 scythe (1)]
  2437 | D:2      | Killed from afar by Sigmund

Vanquished Creatures
  3 adders
  A howler monkey skeleton (D:2)
  2 worms (D:2)
  3 dart slugs (D:1)
  A leopard gecko (D:2)
  2 ball pythons
  3 bats (D:1)
  5 goblins (D:1)
  4 hobgoblins
  3 frilled lizards
  4 kobolds
  7 rats
38 creatures vanquished.

Table legend:
 A = Turns spent in this place as a percentage of turns spent in the entire game.
 B = Non-inter-level travel turns spent in this place as a percentage of non-inter-level travel turns spent in the entire game.
 C = Inter-level travel turns spent in this place as a percentage of turns spent in this place.
 D = Turns resting spent in this place as a percentage of non-inter-level travel turns spent in this place.
 E = Turns spent auto-exploring this place as a percentage of non-inter-level travel turns spent in this place.
 F = Non-inter-level travel turns spent in this place divided by the number of levels of this place that you've seen.
                   A       B       C       D       E      F
               +-------+-------+-------+-------+-------+----------------------
         Total | 100.0 | 100.0 |   3.0 |  43.0 |  43.1 | 1182.0
       Dungeon | 100.0 | 100.0 |   3.0 |  43.0 |  43.1 | 1182.0
               +-------+-------+-------+-------+-------+----------------------
